 Dungeon Crawl Stone Soup version 0.27-a0-1438-g9b7c6745da (webtiles) character file.

Game seed: 15520588642179167191

384 AarnesTheHuman the Shield-Bearer (level 7, 0/55 HPs)
             Began as a Formicid Fighter on July 4, 2021.
             Slain by an elf zombie (4 damage)
             ... in an ossuary.
             The game lasted 00:06:22 (3644 turns).

AarnesTheHuman the Shield-Bearer (Formicid Fighter) Turns: 3644, Time: 00:06:23

Health: 0/55       AC:  8    Str: 23    XL:     7   Next: 6%
Magic:  7/7        EV:  9    Int:  7    God:
Gold:   178        SH: 10    Dex: 10    Spells: 6/6 levels left

rFire    . . .     SeeInvis +   a - +0 long sword
rCold    + . .     Faith    .   c - +0 kite shield
rNeg     . . .     Spirit   .   e - +1 ring mail {rC+}
rPois    .         Reflect  .   (helmet unavailable)
rElec    .         Harm     .   (no cloak)
rCorr    .         Rampage  .   h - +0 pair of gloves
Will     .....                  (no boots)
Stlth    ..........             l - amulet of the acrobat
HPRegen  0.18/turn              (no ring)
MPRegen  0.10/turn              (no ring)

@: mighty
A: permanent stasis, dig shafts and tunnels, antennae 3, four strong arms
a: Dig


You were in an ossuary.
You visited 1 branch of the dungeon, and saw 4 of its levels.
You also visited: Ossuary.

You collected 178 gold pieces.

Inventory:

Hand Weapons
 a - a +0 long sword (weapon)
Missiles
 m - 15 poisoned darts (quivered)
Armour
 b - a +0 scale mail
 c - a +0 kite shield (worn)
 e - a +1 ring mail of cold resistance (worn)
 h - a +0 pair of gloves (worn)
Jewellery
 k - a ring of wizardry
 l - an amulet of the acrobat (around neck)
Wands
 f - a wand of acid (8)
Potions
 d - a potion of might
 i - 2 potions of heal wounds {unknown}
 j - a potion of haste {unknown}
 n - a potion of degeneration {unknown}
 q - a potion of ambrosia {unknown}
 r - 2 potions of attraction {unknown}


   Skills:
 + Level 4.8 Fighting
 - Level 2.0 Long Blades
 + Level 5.0 Armour
 * Level 6.7 Shields


You had 6 spell levels left.
You didn't know any spells.
Your spell library contained the following spells:

 Spells                   Type           Power      Damage    Failure   Level
 Corona                   Hex            0%         N/A       75%         1
 Magic Dart               Conj           0%         1d3       75%         1
 Sandblast                Erth           0%         2d4       75%         1
 Call Imp                 Summ           0%         N/A       86%         2
 Ensorcelled Hibernation  Hex/Ice        0%         N/A       86%         2
 Passwall                 Tmut/Erth      0%         N/A       86%         2
 Mephitic Cloud           Conj/Pois/Air  0%         N/A       98%         3
 Tukima's Dance           Hex            0%         N/A       98%         3
 Lee's Rapid Deconstruct  Erth           0%         3d5*      100%        5


Dungeon Overview and Level Annotations

Branches:
Dungeon (4/15)            Ossuary (1/1)
 Temple: D:4-7

Altars:

Annotations:
D:2 1 runed translucent door, Crazy Yiuf


Innate Abilities, Weirdness & Mutations

You cannot be hasted, slowed, berserked, paralysed or teleported.
You can dig through walls and to a lower floor.
You have a pair of large antennae on your head. (SInv)
Your four strong arms can wield two-handed weapons with a shield.


Message History

You hit the elf zombie.
The elf zombie is heavily damaged.
The human zombie hits you.
* * * LOW HITPOINT WARNING * * *
You block the hobgoblin zombie's attack.
The elf zombie hits you but does no damage.
You block the orc zombie's attack. The orc zombie barely misses you.
You riposte.
You slice the orc zombie!!
You destroy the orc zombie!
You slash the hobgoblin zombie!
You destroy the hobgoblin zombie!
The human zombie closely misses you. You block the orc zombie's attack.
The elf zombie hits you but does no damage.
Your Armour skill increases to level 5!
You slash the goblin zombie!
You destroy the goblin zombie!
You block the human zombie's attack. You block the orc zombie's attack.
You block the elf zombie's attack.
The human zombie hits you but does no damage.
You barely miss the elf zombie.
The elf zombie is heavily damaged.
You block the orc zombie's attack. The elf zombie hits you.
* * * LOW HITPOINT WARNING * * *
The human zombie hits you but does no damage.
You closely miss the elf zombie.
The elf zombie is heavily damaged.
The orc zombie hits you but does no damage.
You block the elf zombie's attack.
The human zombie hits you but does no damage.
You slash the elf zombie!
The elf zombie is heavily damaged.
You block the orc zombie's attack. The elf zombie barely misses you.
You block the human zombie's attack.
You slash the elf zombie!
The elf zombie is severely damaged.
The orc zombie hits you but does no damage.
You block the elf zombie's attack. The human zombie hits you.
* * * LOW HITPOINT WARNING * * *
The elf zombie hits you.
You die...

.. .................
...{.................
.... #...............
....##...............
.....................
#...................
#.....Z............
#....@Z...∩∩.......
#.....Z............
#...................
.....................
.....................
....##...............
.... #...............
...{ ................
.. .............


You could see an orc zombie, an elf zombie and a human zombie.

Vanquished Creatures
  A wyvern skeleton (D:4)
  A howler monkey (D:2)
  A human zombie (Ossuary)
  2 bullfrog skeletons (D:3)
  A hound zombie (Ossuary)
  6 adders
  4 gnolls (D:3)
  A howler monkey skeleton (D:4)
  3 adder skeletons (D:4)
  2 worms
  2 dart slugs
  An orc (D:3)
  6 bats
  5 endoplasms
  2 giant cockroaches (D:2)
  4 hobgoblins
  14 jackals
  3 kobolds
  A quokka (D:3)
  6 ball pythons
  4 frilled lizards (D:3)
  6 goblins
  A goblin zombie (Ossuary)
  3 hobgoblin zombies (Ossuary)
  A jackal zombie (Ossuary)
  An orc zombie (Ossuary)
  5 rats
  A rat zombie (Ossuary)
88 creatures vanquished.

Notes
Turn   | Place    | Note
-------+----------+-------------------------------------------
     0 | D:1      | AarnesTheHuman the Formicid Fighter began the quest for the
                  | Orb.
     0 | D:1      | Reached XP level 1. HP: 18/18 MP: 1/1
    91 | D:1      | You fall into a shaft and drop 1 floor!
   287 | D:2      | Reached XP level 2. HP: 12/24 MP: 2/2
   319 | D:2      | Reached skill level 4 in Shields
   661 | D:2      | Reached XP level 3. HP: 29/29 MP: 3/3
   681 | D:2      | Reached XP level 4. HP: 32/37 MP: 4/4
   892 | D:1      | Found a faded altar of an unknown god.
  1038 | D:1      | Reached skill level 5 in Shields
  1115 | D:1      | Found Mirgh's Magic Scroll Emporium.
  1618 | D:2      | Reached XP level 5. HP: 37/42 MP: 5/5
  2038 | D:2      | Found a runed translucent door.
  2039 | D:2      | Noticed Crazy Yiuf
  2694 | D:3      | Reached XP level 6. HP: 48/49 MP: 6/6
  2705 | D:3      | Reached skill level 6 in Shields
  3606 | D:4      | Found a sand-covered staircase.
  3611 | Ossuary  | Entered an ossuary
  3636 | Ossuary  | Reached XP level 7. HP: 8/55 MP: 7/7
  3640 | Ossuary  | Reached skill level 5 in Armour
  3644 | Ossuary  | Slain by an elf zombie

Illustrated notes

Levels and vault maps discovered:
D:1:      dpeg_arrival_solitude, layout_basic,
          shapermc_ecumenical_altar_flowoftime, serial_shops, nicolae_shop_stone
D:2:      layout_basic, minmay_pentomino_x4, uniq_crazy_yiuf_cottage
D:3:      minmay_door_path, layout_basic
D:4:      layout_loops_ring, lemuel_doored_altar, enter_ossuary_5,
          hangedman_decor_opposing
Ossuary:  ossuary_minmay_tomb_2a

Skill      XL: |  1  2  3  4  5  6  7 |
---------------+----------------------+-----
Shields        | 4 5 6 |  6.7
Armour         | 4 5 |  5.0
Fighting       | 4 |  4.8
Long Blades    | |  2.0

Action                   |  1- 3 |  4- 6 |  7- 9 || total
-------------------------+-------+-------+-------++-------
Melee: Long sword        |    34 |   268 |     9 ||   311
Throw: Dart              |       |     2 |       ||     2
  Use: Scroll            |       |     4 |       ||     4
       Potion            |       |     1 |       ||     1
Armor: Ring mail         |     9 |   145 |    10 ||   164
Dodge: Dodged            |     9 |   138 |     6 ||   153
Block: Kite shield       |    18 |   204 |    14 ||   236
       Rpst.: Long sword |     5 |    45 |     1 ||    51

Table legend: (Time is in decaauts)
 A = Elapsed time spent in this place.
 B = Non-inter-level travel time spent in this place.
 C = Inter-level travel time spent in this place.
 D = Time resting spent in this place.
 E = Time spent auto-exploring this place.
 F = Levels seen in this place.
 G = Mean time per level.
                   A        B        C        D        E       F      G
               +--------+--------+--------+--------+--------+-----+--------+
         Total |   3773 |   3629 |    144 |    501 |   2271 |   5 |  754.6 |
       Dungeon |   3731 |   3587 |    144 |    501 |   2271 |   4 |  932.8 |
       Ossuary |     42 |     42 |      0 |      0 |      0 |   1 |   42.0 |
               +--------+--------+--------+--------+--------+-----+--------+

Top non-repeatable levels by time:
     D:3: 1448 daAuts
     D:2: 1356 daAuts
     D:1: 782 daAuts
     D:4: 144 daAuts
 Ossuary: 42 daAuts
